 Dungeon Crawl Stone Soup version 0.17-b1-33-gd9cf236 (webtiles) character file.

703 Thlayli the Covert (level 7, -12/35 HPs)
             Began as a Spriggan Assassin on Nov 6, 2015.
             Killed from afar by Robin (28 damage)
             ... with a wand of draining
             ... on level 4 of the Dungeon.
             The game lasted 00:13:06 (3709 turns).

Thlayli the Covert (Spriggan Assassin)              Turns: 3709, Time: 00:13:06

Health: -12/35     AC:  3    Str:  7    XL:     7   Next: 39%
Magic:  8/8        EV: 24    Int: 13    God:
Gold:   23         SH:  0    Dex: 19    Spells: 0 memorised, 6 levels left

rFire  . . .     SeeInvis +     y - +1 dagger (venom)
rCold  . . .     Clarity  .     c - +0 robe
rNeg   . . .     SustAt   .     (shield restricted)
rPois  .         Gourm    .     (helmet restricted)
rElec  .         Spirit   .     d - +0 cloak
rCorr  .         Warding  .     (gloves unavailable)
rMut   .         Stasis   .     (boots unavailable)
MR     +....                    (no amulet)
Stlth  +++++.....               (no ring)
                                (no ring)

@: drained, very quick, somewhat resistant to hostile enchantments, quite
stealthy
A: unfitting armour, see invisible, herbivore 3, speed 3, slow metabolism 2
a: no special abilities


You were on level 4 of the Dungeon.
You were hungry.

You visited 1 branch of the dungeon, and saw 4 of its levels.

You collected 127 gold pieces.
You spent 104 gold pieces at shops.

Inventory:

Hand Weapons
 b - a +0 blowgun
 h - a +1 dagger of venom
 y - a +1 dagger of venom (weapon)
 z - a +0 rapier of speed
Missiles
 e - 45 poisoned needles
 f - 2 curare-tipped needles
 m - 29 arrows
Armour
 c - a +0 robe (worn)
 d - a +0 cloak (worn)
Jewellery
 k - an uncursed ring of poison resistance {unknown}
Wands
 r - a wand of teleportation (3)
 v - a wand of slowing (4)
Scrolls
 a - 3 scrolls of teleportation {unknown}
 i - 2 scrolls of remove curse {unknown}
 j - a scroll of enchant weapon {unknown}
 l - 2 scrolls of identify {unknown}
 n - a scroll of amnesia {unknown}
 s - a scroll of blinking {unknown}
 t - a scroll of immolation {unknown}
Potions
 o - a potion of cancellation {unknown}
 q - 3 potions of curing {unknown}
 u - a potion of ambrosia {unknown}
 w - a potion of resistance {unknown}
 x - a potion of might {unknown}
 B - a potion of degeneration {unknown}
Comestibles
 g - 5 bread rations
 A - 2 fruits


   Skills:
 + Level 2.0(1.0) Fighting
 + Level 2.8(1.7) Short Blades
 - Level 2.0(0.9) Throwing
 * Level 8.7(7.4) Dodging
 * Level 9.7(8.4) Stealth


You had 6 spell levels left.
You didn't know any spells.

Dungeon Overview and Level Annotations

Branches:
Dungeon (4/15)
 Temple: D:4-7

Altars:

Shops:
D:4 (

Annotations:
D:4 Natasha, Robin


Innate Abilities, Weirdness & Mutations

You are tiny and cannot use many weapons and most armour.
You have supernaturally acute eyesight.
You are a herbivore.
You cover ground extremely quickly.
You need consume almost no food.


Message History

The hobgoblin shouts!
Robin zaps a wand.
The bolt of negative energy hits you!
You feel drained.
You hit Robin but do no damage.
Robin is poisoned.
Robin misses you.
You hit Robin but do no damage.
Robin looks even sicker.
Robin is lightly wounded.
You barely miss Robin.
Robin is moderately wounded.
Robin misses you.
You barely miss Robin.
Robin is moderately wounded.
Robin hits you but does no damage.
You hit Robin but do no damage.
Robin looks even sicker.
Robin is heavily wounded.
The hobgoblin completely misses you. Robin hits you with a club.
You closely miss Robin.
Robin is heavily wounded.
The hobgoblin barely misses you.
Robin zaps a wand.
The bolt of negative energy hits you!
You feel drained.
Ouch! That really hurt!
You die...

####(#####...###.##..############
g†g..........# #.##..#
.###g####...÷# #.#.(.#
.###.g.......# #.#.#.#
..#######g.#.# #.#.#.# ..##
#.....###.#)#.#### ...#
#...###..........#
...#####...###.g........#
#...>..........g@.......#
#........#.###..........####
.........#.<...............#
#........'..............PP.###
#.......##.............P∩P(.<#
####'### #.###.........P.P.### #.
#.# ########......# # #.#
#....### #'# ######


You could see Robin and a hobgoblin.

Vanquished Creatures
  Grinder (D:3)
  Eustachio (D:4)
  Crazy Yiuf (D:3)
  Ijyb (D:3)
  2 hounds (D:4)
  Terence (D:3)
  3 worker ants (D:4)
  5 adders
  2 oozes
  4 worms
  A giant gecko (D:3)
  3 orcs (D:4)
  10 goblins
  11 hobgoblins
  2 quokkas (D:3)
  2 ball pythons
  11 bats
  2 giant cockroaches
  A giant gecko skeleton (D:4)
  3 giant newts
  12 jackals
  12 kobolds
  8 rats
99 creatures vanquished.

Vanquished Creatures (others)
  A jackal (D:4)
1 creature vanquished.

Grand Total: 100 creatures vanquished

Notes
Turn   | Place    | Note
--------------------------------------------------------------
     0 | D:1      | Thlayli the Spriggan Assassin began the quest for the Orb.
     0 | D:1      | Reached XP level 1. HP: 10/10 MP: 2/2
    21 | D:1      | Reached skill level 6 in Stealth
   171 | D:1      | Reached XP level 2. HP: 14/14 MP: 3/3
   581 | D:2      | Reached skill level 7 in Stealth
   581 | D:2      | Reached XP level 3. HP: 18/18 MP: 4/4
   978 | D:2      | Reached XP level 4. HP: 22/22 MP: 5/5
  2394 | D:3      | Noticed Terence
  2397 | D:3      | Killed Terence
  2495 | D:3      | Reached skill level 5 in Dodging
  2629 | D:3      | Reached XP level 5. HP: 25/25 MP: 6/6
  2666 | D:3      | Reached skill level 8 in Stealth
  2695 | D:3      | Noticed Ijyb
  2717 | D:3      | Killed Ijyb
  3004 | D:3      | Noticed Grinder
  3015 | D:3      | Killed Grinder
  3015 | D:3      | Reached XP level 6. HP: 22/30 MP: 7/7
  3035 | D:3      | Noticed Crazy Yiuf
  3057 | D:3      | Killed Crazy Yiuf
  3057 | D:3      | Reached skill level 9 in Stealth
  3275 | D:4      | Noticed Robin
  3275 | D:4      | Noticed Natasha
  3314 | D:4      | Noticed Eustachio
  3411 | D:4      | Found Iruar's Antique Weapon Shoppe.
  3468 | D:4      | Bought a runed rapier for 104 gold pieces
  3569 | D:4      | Reached XP level 7. HP: 15/33 MP: 8/8
  3662 | D:4      | Killed Eustachio
  3709 | D:4      | Killed from afar by Robin

Action                   |  1- 3 |  4- 6 |  7- 9 || total
-------------------------+-------+-------+-------++-------
Melee: Dagger            |    83 |   134 |    44 ||   261
       Rapier            |       |    32 |       ||    32
 Fire: Blowgun           |       |     5 |     6 ||    11
  Use: Potion            |       |       |     2 ||     2
 Stab: Sleeping          |    20 |    14 |       ||    34
       Distracted        |       |     2 |       ||     2
